| TOP OF THE 1ST |
|
Salt Lake Bees batting - Pitching for Tacoma Rainiers : RHP Jose Albarran
|
|
Pitching: RHP Jose Albarran
|
|
|
Batting: SHB Butch Brown
|
0-0: Foul Ball, location: 2F 0-1: Called Strike 0-2: Foul Ball, location: 2F 0-2: Ball 1-2: Foul Ball, location: 2F 1-2: Ball 2-2: Ball 3-2: Base on Balls
|
|
Batting: LHB Brett Bugge
|
0-0: Ball 1-0: Ball 2-0: Foul Ball, location: 2F 2-1: SINGLE (Line Drive, 6D, EV 100.6 MPH) Butch Brown to second
|
|
Batting: RHB Ryuji Ito
|
0-0: SINGLE (Line Drive, 9S, EV 107.5 MPH) Butch Brown to third Brett Bugge to second Runner from 3rd tries for Home, SAFE, throw by RF to home
|
|
Batting: SHB Mario Padron
|
0-0: Swinging Strike 0-1: Foul Ball, location: 2F 0-2: Ball 1-2: Ball 2-2: Fielders Choice at 2nd, 4-6 (Groundball, 4, EV 78.8 MPH) Brett Bugge to third
|
|
Batting: RHB Kian-tat Chen
|
0-0: Ball 1-0: Ball Mario Padron steals 2nd base 2-0: Fly out, F9 (Flyball, 9S, EV 76.2 MPH)
|
|
Batting: RHB Jimmy Buzard
|
0-0: Ball 1-0: Ground out 6-3 (Groundball, 6, EV 101.9 MPH)
|
| Top of the 1st over - 1 run, 2 hits, 0 errors, 2 left on base; Salt Lake 1 - Tacoma 0 |
| BOTTOM OF THE 1ST |
|
Tacoma Rainiers batting - Pitching for Salt Lake Bees : RHP Erick Vazquez
|
|
Pitching: RHP Erick Vazquez
|
|
|
Batting: RHB Julian Gregory
|
0-0: Called Strike 0-1: Ball 1-1: Fly out, F7 (Flyball, 78D, EV 105.6 MPH)
|
|
Batting: LHB Addisu Nyamekye
|
0-0: Ball 1-0: Ball 2-0: Swinging Strike 2-1: Foul Ball, location: 2F 2-2: Strikes out looking
|
|
Batting: RHB Chris Skaff
|
0-0: Foul Ball, location: 2F 0-1: Hit by Pitch
|
|
Batting: LHB Ryan Lowe
|
0-0: Swinging Strike 0-1: Ball 1-1: Ball 2-1: Ball 3-1: Base on Balls Chris Skaff to second
|
|
Batting: LHB Jawad Fahad
|
0-0: Ball 1-0: Called Strike 1-1: Ball 2-1: Fly out, F7 (Flyball, 7, EV 86.2 MPH)
|
| Bottom of the 1st over - 0 runs, 0 hits, 0 errors, 2 left on base; Salt Lake 1 - Tacoma 0 |
| TOP OF THE 2ND |
|
Salt Lake Bees batting - Pitching for Tacoma Rainiers : RHP Jose Albarran
|
|
Batting: RHB Brandon Davis
|
0-0: Ball 1-0: Ball 2-0: Ball 3-0: Called Strike 3-1: Ground out 6-3 (Groundball, 6, EV 106.2 MPH)
|
|
Batting: RHB Josh Faulconer
|
0-0: Ball 1-0: Ball 2-0: Ball 3-0: Called Strike 3-1: Base on Balls
|
|
Batting: RHB Timoleon Tsikouna
|
0-0: Foul Ball, location: 2F 0-1: Ball 1-1: Ball Josh Faulconer steals 2nd base 2-1: SINGLE (Flyball, 89S, EV 96.9 MPH) Josh Faulconer to third
|
|
Batting: SHB Butch Brown
|
0-0: Ball 1-0: Called Strike 1-1: Foul Ball, location: 2F 1-2: Ball 2-2: Ball 3-2: Strikes out swinging
|
|
Batting: LHB Brett Bugge
|
0-0: Ball 1-0: Ground out 4-3 (Groundball, 34D, EV 78.1 MPH)
|
| Top of the 2nd over - 0 runs, 1 hit, 0 errors, 2 left on base; Salt Lake 1 - Tacoma 0 |
| BOTTOM OF THE 2ND |
|
Tacoma Rainiers batting - Pitching for Salt Lake Bees : RHP Erick Vazquez
|
|
Batting: RHB Zach Downs
|
0-0: Ball 1-0: Ground out 4-3 (Groundball, 4M, EV 100.6 MPH)
|
|
Batting: LHB Josh Pittman
|
0-0: Called Strike 0-1: Ball 1-1: Ground out 5-3 (Groundball, 56, EV 102.5 MPH)
|
|
Batting: RHB Lamberto Amicis
|
0-0: Ball 1-0: Ball 2-0: Ball 3-0: Called Strike 3-1: Foul Ball, location: 2F 3-2: Strikes out looking
|
| Bottom of the 2nd over - 0 runs, 0 hits, 0 errors, 0 left on base; Salt Lake 1 - Tacoma 0 |
| TOP OF THE 3RD |
|
Salt Lake Bees batting - Pitching for Tacoma Rainiers : RHP Jose Albarran
|
|
Batting: RHB Ryuji Ito
|
0-0: Called Strike 0-1: Ball 1-1: Foul Ball, location: 2F 1-2: Ball 2-2: Foul Ball, location: 2F 2-2: Foul Ball, location: 2F 2-2: Ball 3-2: Fly out, F7 (Flyball, 7LSF, EV 75.0 MPH)
|
|
Batting: SHB Mario Padron
|
0-0: Ball 1-0: Foul Ball, location: 2F 1-1: Ball 2-1: Fly out, F7 (Flyball, 7LSF, EV 75.0 MPH)
|
|
Batting: RHB Kian-tat Chen
|
0-0: Ball 1-0: Ball 2-0: Foul Ball, location: 2F 2-1: Ball 3-1: Ground out 4-3 (Groundball, 4S, EV 86.2 MPH)
|
| Top of the 3rd over - 0 runs, 0 hits, 0 errors, 0 left on base; Salt Lake 1 - Tacoma 0 |
| BOTTOM OF THE 3RD |
|
Tacoma Rainiers batting - Pitching for Salt Lake Bees : RHP Erick Vazquez
|
|
Batting: LHB Matt Hepburn
|
0-0: Called Strike 0-1: Ball 1-1: Called Strike 1-2: Ball 2-2: Strikes out swinging
|
|
Batting: RHB Julian Gregory
|
0-0: Foul Ball, location: 2F 0-1: Ball 1-1: Ground out 6-3 (Groundball, 56, EV 81.2 MPH)
|
|
Batting: LHB Addisu Nyamekye
|
0-0: Ball 1-0: Fly out, F8 (Flyball, 8RXD, EV 87.5 MPH)
|
| Bottom of the 3rd over - 0 runs, 0 hits, 0 errors, 0 left on base; Salt Lake 1 - Tacoma 0 |
| TOP OF THE 4TH |
|
Salt Lake Bees batting - Pitching for Tacoma Rainiers : RHP Jose Albarran
|
|
Batting: RHB Jimmy Buzard
|
0-0: Ground out 5-3 (Groundball, 56S, EV 68.1 MPH)
|
|
Batting: RHB Brandon Davis
|
0-0: Called Strike 0-1: Ball 1-1: SINGLE (Groundball, 56, EV 101.9 MPH)
|
|
Batting: RHB Josh Faulconer
|
Pickoff Throw to First - Error! E1 Brandon Davis to second 0-0: SINGLE (Groundball, 56S, EV 88.8 MPH) (infield hit) Brandon Davis to third
|
|
Batting: RHB Timoleon Tsikouna
|
0-0: Ball 1-0: Ball 2-0: Called Strike 2-1: Swinging Strike 2-2: Ball 3-2: Foul Ball, location: 2F 3-2: Ground out 6-3 (Groundball, P, EV 85.6 MPH) Brandon Davis scores Josh Faulconer to second
|
|
Batting: SHB Butch Brown
|
0-0: Called Strike 0-1: Ball 1-1: Called Strike 1-2: Foul Ball, location: 2F 1-2: Ball 2-2: DOUBLE (Line Drive, 7LM, EV 91.9 MPH) Josh Faulconer scores
|
|
Batting: LHB Brett Bugge
|
0-0: Ball 1-0: Fly out, F7 (Flyball, 7D, EV 97.5 MPH)
|
| Top of the 4th over - 2 runs, 3 hits, 1 error, 1 left on base; Salt Lake 3 - Tacoma 0 |
| BOTTOM OF THE 4TH |
|
Tacoma Rainiers batting - Pitching for Salt Lake Bees : RHP Erick Vazquez
|
|
Batting: RHB Chris Skaff
|
0-0: Called Strike 0-1: SINGLE (Line Drive, 4D, EV 98.1 MPH)
|
|
Batting: LHB Ryan Lowe
|
0-0: Called Strike 0-1: Grounds into double play, 4-6-3 (Groundball, 4, EV 101.9 MPH)
|
|
Batting: LHB Jawad Fahad
|
0-0: Called Strike 0-1: Ball 1-1: Hit by Pitch
|
|
Batting: RHB Zach Downs
|
0-0: DOUBLE (Flyball, 78D, EV 106.2 MPH) Jawad Fahad to third
|
|
Batting: LHB Josh Pittman
|
0-0: Fly out, F8 (Flyball, 8RXD, EV 100.6 MPH)
|
| Bottom of the 4th over - 0 runs, 2 hits, 0 errors, 2 left on base; Salt Lake 3 - Tacoma 0 |
| TOP OF THE 5TH |
|
Salt Lake Bees batting - Pitching for Tacoma Rainiers : RHP Jose Albarran
|
|
Batting: RHB Ryuji Ito
|
0-0: Ball 1-0: SINGLE (Line Drive, 4D, EV 95.0 MPH)
|
|
Batting: SHB Mario Padron
|
0-0: Ball 1-0: Called Strike 1-1: Ball 2-1: Ball 3-1: Called Strike 3-2: SINGLE (Line Drive, 34, EV 110.6 MPH) Ryuji Ito to second
|
|
Batting: RHB Kian-tat Chen
|
0-0: Called Strike 0-1: Foul Ball, location: 2F 0-2: Ball 1-2: Fly out, F8 (Flyball, 78D, EV 93.1 MPH)
|
|
Batting: RHB Jimmy Buzard
|
0-0: Ball 1-0: Ball 2-0: Ball 3-0: Called Strike 3-1: Swinging Strike 3-2: Base on Balls Ryuji Ito to third Mario Padron to second
|
|
Pitching: RHP Jose Lopez
|
|
|
Batting: RHB Brandon Davis
|
0-0: Swinging Strike 0-1: Foul Ball, location: 2F 0-2: Foul Ball, location: 2F 0-2: TRIPLE (Line Drive, 7D, EV 104.4 MPH) Ryuji Ito scores Mario Padron scores Jimmy Buzard scores
|
|
Batting: RHB Josh Faulconer
|
0-0: Swinging Strike 0-1: Ball 1-1: Swinging Strike 1-2: Ball 2-2: Ground out 5-3 (Groundball, 56, EV 107.5 MPH) Brandon Davis scores
|
|
Batting: RHB Timoleon Tsikouna
|
0-0: Foul Ball, location: 2F 0-1: Fly out, F8 (Flyball, 89D, EV 103.1 MPH)
|
| Top of the 5th over - 4 runs, 3 hits, 0 errors, 0 left on base; Salt Lake 7 - Tacoma 0 |
| BOTTOM OF THE 5TH |
|
Tacoma Rainiers batting - Pitching for Salt Lake Bees : RHP Erick Vazquez
|
|
Batting: RHB Lamberto Amicis
|
0-0: SINGLE (Line Drive, 8LS, EV 111.9 MPH)
|
|
Batting: LHB Matt Hepburn
|
0-0: Ball 1-0: Swinging Strike 1-1: Called Strike 1-2: Foul Ball, location: 2F 1-2: Strikes out looking
|
|
Batting: RHB Julian Gregory
|
0-0: Ball Lamberto Amicis steals 2nd base (no throw) 1-0: Foul Ball, location: 2F 1-1: Ball 2-1: Ball 3-1: DOUBLE (Groundball, 5L, EV 103.1 MPH) Lamberto Amicis scores
|
|
Batting: LHB Addisu Nyamekye
|
0-0: Ball 1-0: Ball 2-0: Ball 3-0: Base on Balls
|
|
Batting: RHB Chris Skaff
|
0-0: Foul Ball, location: 2F 0-1: Called Strike 0-2: Ball 1-2: Strikes out swinging
|
|
Batting: LHB Ryan Lowe
|
0-0: Foul Ball, location: 2F 0-1: Swinging Strike 0-2: 3-RUN HOME RUN (Flyball, 89XD, EV 113.8 MPH), Distance : 427 ft
|
|
Batting: LHB Jawad Fahad
|
0-0: Swinging Strike 0-1: Ground out 6-3 (Groundball, 6MS, EV 91.2 MPH)
|
| Bottom of the 5th over - 4 runs, 3 hits, 0 errors, 0 left on base; Salt Lake 7 - Tacoma 4 |
| TOP OF THE 6TH |
|
Salt Lake Bees batting - Pitching for Tacoma Rainiers : RHP Jose Lopez
|
|
Batting: SHB Butch Brown
|
0-0: Called Strike 0-1: Ball 1-1: Called Strike 1-2: Ball 2-2: Fly out, F9 (Flyball, 9, EV 85.6 MPH)
|
|
Batting: LHB Brett Bugge
|
0-0: Ball 1-0: Fly out, F4 (Popup, 4, EV 58.1 MPH)
|
|
Batting: RHB Ryuji Ito
|
0-0: Called Strike 0-1: Ball 1-1: Fly out, F9 (Flyball, 89M, EV 85.0 MPH)
|
| Top of the 6th over - 0 runs, 0 hits, 0 errors, 0 left on base; Salt Lake 7 - Tacoma 4 |
| BOTTOM OF THE 6TH |
|
Tacoma Rainiers batting - Pitching for Salt Lake Bees : RHP Erick Vazquez
|
|
Batting: RHB Zach Downs
|
0-0: Ball 1-0: Ball 2-0: Swinging Strike 2-1: Swinging Strike 2-2: Foul Ball, location: 2F 2-2: Ball 3-2: Strikes out swinging
|
|
Batting: LHB Josh Pittman
|
0-0: Ground out 6-3 (Groundball, 6S, EV 82.5 MPH)
|
|
Batting: RHB Lamberto Amicis
|
0-0: Called Strike 0-1: Called Strike 0-2: Ball 1-2: Ball 2-2: Ball 3-2: Base on Balls
|
|
Batting: LHB Matt Hepburn
|
0-0: Called Strike Lamberto Amicis steals 2nd base 0-1: Ball 1-1: Ball 2-1: Foul Ball, location: 2F 2-2: Strikes out looking
|
| Bottom of the 6th over - 0 runs, 0 hits, 0 errors, 1 left on base; Salt Lake 7 - Tacoma 4 |
| TOP OF THE 7TH |
|
Salt Lake Bees batting - Pitching for Tacoma Rainiers : RHP Jose Lopez
|
|
Pitching: RHP Vinny Reveles
|
|
|
Batting: SHB Mario Padron
|
0-0: Ball 1-0: Ball 2-0: Called Strike 2-1: Ball 3-1: Base on Balls
|
|
Batting: RHB Kian-tat Chen
|
0-0: Ball 1-0: Reached on error, E5 (Groundball, 56S, EV 83.8 MPH) Mario Padron to second
|
|
Batting: RHB Jimmy Buzard
|
0-0: Ball 1-0: Ball 2-0: Grounds into double play, 6-4-3 (Groundball, 6, EV 84.4 MPH) Mario Padron to third
|
|
Batting: RHB Brandon Davis
|
0-0: Called Strike 0-1: Ball 1-1: Fly out, F4 (Line Drive, 4, EV 65.6 MPH)
|
| Top of the 7th over - 0 runs, 0 hits, 1 error, 1 left on base; Salt Lake 7 - Tacoma 4 |
| BOTTOM OF THE 7TH |
|
Tacoma Rainiers batting - Pitching for Salt Lake Bees : RHP Erick Vazquez
|
|
Batting: RHB Julian Gregory
|
0-0: Called Strike 0-1: Swinging Strike 0-2: Strikes out looking
|
|
Pitching: RHP Luis Cabrera
|
|
|
Batting: LHB Addisu Nyamekye
|
0-0: Ball 1-0: Swinging Strike 1-1: Ball 2-1: Swinging Strike 2-2: Strikes out swinging
|
|
Batting: RHB Chris Skaff
|
0-0: Ball 1-0: Ball 2-0: Ball 3-0: Base on Balls
|
|
Batting: LHB Ryan Lowe
|
0-0: Swinging Strike 0-1: Ground out U3 (Groundball, 3, EV 86.2 MPH)
|
| Bottom of the 7th over - 0 runs, 0 hits, 0 errors, 1 left on base; Salt Lake 7 - Tacoma 4 |
| TOP OF THE 8TH |
|
Salt Lake Bees batting - Pitching for Tacoma Rainiers : RHP Vinny Reveles
|
|
Batting: RHB Josh Faulconer
|
0-0: Called Strike 0-1: Called Strike 0-2: Ground out 6-3 (Groundball, 6, EV 80.6 MPH)
|
|
Batting: RHB Timoleon Tsikouna
|
0-0: Ball 1-0: Ball 2-0: Called Strike 2-1: Fly out, F8 (Flyball, 89M, EV 90.6 MPH)
|
|
Batting: SHB Butch Brown
|
0-0: Ground out 4-3 (Groundball, 4, EV 86.2 MPH)
|
| Top of the 8th over - 0 runs, 0 hits, 0 errors, 0 left on base; Salt Lake 7 - Tacoma 4 |
| BOTTOM OF THE 8TH |
|
Tacoma Rainiers batting - Pitching for Salt Lake Bees : RHP Luis Cabrera
|
|
Batting: LHB Jawad Fahad
|
0-0: Ball 1-0: Ground out 6-3 (Groundball, 6M, EV 103.8 MPH)
|
|
Batting: RHB Zach Downs
|
0-0: Fly out, F4 (Popup, 4, EV 64.4 MPH)
|
|
Batting: LHB Josh Pittman
|
0-0: Foul Ball, location: 2F 0-1: Swinging Strike 0-2: Ground out 4-3 (Groundball, 34D, EV 82.5 MPH)
|
| Bottom of the 8th over - 0 runs, 0 hits, 0 errors, 0 left on base; Salt Lake 7 - Tacoma 4 |
| TOP OF THE 9TH |
|
Salt Lake Bees batting - Pitching for Tacoma Rainiers : RHP Vinny Reveles
|
|
Pitching: LHP Rentaro Minami
|
|
|
Batting: LHB Brett Bugge
|
0-0: Ball 1-0: Ground out 6-3 (Groundball, 6M, EV 108.1 MPH)
|
|
Batting: RHB Ryuji Ito
|
0-0: Ball 1-0: Ball 2-0: Ball 3-0: Base on Balls
|
|
Batting: SHB Mario Padron
|
0-0: Called Strike 0-1: Swinging Strike 0-2: DOUBLE (Line Drive, 78D, EV 111.9 MPH) Ryuji Ito to third Runner from 3rd tries for Home, SAFE, no throw by CF
|
|
Batting: RHB Kian-tat Chen
|
0-0: Called Strike 0-1: Ball 1-1: Fly out, F8 (Flyball, 8LM, EV 94.4 MPH)
|
|
Batting: RHB Jimmy Buzard
|
0-0: Foul Ball, location: 2F 0-1: Called Strike 0-2: Ball 1-2: Foul Ball, location: 2F 1-2: Strikes out swinging
|
| Top of the 9th over - 1 run, 1 hit, 0 errors, 1 left on base; Salt Lake 8 - Tacoma 4 |
| BOTTOM OF THE 9TH |
|
Tacoma Rainiers batting - Pitching for Salt Lake Bees : RHP Luis Cabrera
|
|
Pitching: LHP Vinny Zavala
|
|
|
Batting: RHB Lamberto Amicis
|
0-0: Ball 1-0: Called Strike 1-1: Foul Ball, location: 2F 1-2: Foul Ball, location: 2F 1-2: Strikes out looking
|
|
Pinch Hitting: RHB Marco Diaz
|
0-0: Called Strike 0-1: Ball 1-1: Ball 2-1: Ball 3-1: Called Strike 3-2: Foul Ball, location: 2F 3-2: Strikes out looking
|
|
Batting: RHB Julian Gregory
|
0-0: Swinging Strike 0-1: Swinging Strike 0-2: Ball 1-2: Strikes out looking
|
| Bottom of the 9th over - 0 runs, 0 hits, 0 errors, 0 left on base; Salt Lake 8 - Tacoma 4 |
|